 Dungeon Crawl Stone Soup version 0.30-a0-578-gdee14c521f (webtiles) character file.

Game seed: 16530476784643245485

153 Zonian the Sneak (level 5, -9/27 HPs)
             Began as a Vine Stalker Brigand on Dec 31, 2022.
             Mangled by a gnoll
             ... wielding a +0 flail
              (12 damage)
             ... on level 3 of the Dungeon.
             The game lasted 00:05:53 (2109 turns).

Zonian the Sneak (Vine Stalker Brigand)             Turns: 2109, Time: 00:05:54

Health: -9/27      AC:  4    Str: 14    XL:     5   Next: 35%
Magic:  0/6        EV: 12    Int: 11    God:
Gold:   141        SH:  0    Dex: 17    Spells: 4/4 levels left

rFire   . . .      SeeInvis .    h - +0 dagger (speed)
rCold   . . .      Faith    .    (no shield)
rNeg    . . .      Spirit   +    b - +0 robe
rPois   .          Reflect  .    g - +0 helmet
rElec   .          Harm     .    c - +0 cloak
rCorr   .          Rampage  .    (no gloves)
Will    .....                    (no boots)
Stlth   +++                      (no amulet)
HPRegen 1.04/turn                (no ring)
MPRegen 0.10/turn                (no ring)

@: no status effects
A: fangs 2, regeneration 1, magic shield, antimagic bite, no potion heal 2
a: no special abilities


You were on level 3 of the Dungeon.
You visited 1 branch of the dungeon, and saw 3 of its levels.

You collected 141 gold pieces.

Inventory:

Hand Weapons
 a - a +2 dagger of draining
 h - a +0 dagger of speed (weapon)
Missiles
 d - 5 poisoned darts (quivered)
 e - 3 curare-tipped darts
 f - 2 throwing nets
 m - 2 javelins
Armour
 b - a +0 robe (worn)
 c - a +0 cloak (worn)
 g - a +0 helmet (worn)
Potions
 i - a potion of haste {unknown}
 j - 3 potions of curing
 k - 2 potions of mutation {unknown}
 n - a potion of heal wounds {unknown}
 p - a potion of cancellation


   Skills:
 + Level 2.6 Fighting
 + Level 2.7 Short Blades
 - Level 2.4 Throwing
 + Level 1.9 Dodging
 + Level 5.7 Stealth


You had 4 spell levels left.
You didn't know any spells.
Your spell library contained the following spells:

 Spells                   Type           Power      Damage    Failure   Level
 Sublimation of Blood     Necr           0%         N/A       47%         2
 Wereblood                Tmut           0%         N/A       47%         2
 Ozocubu's Armour         Ice            0%         N/A       71%         3
 Metabolic Englaciation   Hex/Ice        0%         N/A       100%        5
 Simulacrum               Ice/Necr       0%         N/A       100%        6
 Summon Hydra             Summ           0%         N/A       100%        7


Dungeon Overview and Level Annotations

Branches:
Dungeon (3/15)

Altars:

Shops:
D:2 (*


Innate Abilities, Weirdness & Mutations

You have extremely sharp teeth.
Your natural rate of healing is unusually fast.
When hurt, damage is shared between your health and your magic reserves.
Your bite disrupts and absorbs the magic of your enemies.
Potions cannot restore your health.


Message History

The gnoll hits you with a +0 whip!
You barely miss the gnoll.
The gnoll is severely wounded.
You hit the gnoll.
The gnoll is almost dead.
The gnoll closely misses you.
You closely miss the gnoll.
The gnoll is severely wounded.
You hit the gnoll.
The gnoll is almost dead.
The gnoll hits you but does no damage.
You hit the gnoll but do no damage. You bite the gnoll.
You kill the gnoll!
The gnoll hits you with a +0 flail. The gnoll closely misses you.
Things that are here:
a +0 whip; a ring of resist corrosion You barely miss the gnoll.
You bite the gnoll. You drain its power.
You feel invigorated.
The gnoll is severely wounded.
The gnoll hits you with a +0 flail. The gnoll barely misses you.
You hit the gnoll but do no damage. Your bite misses the gnoll.
The gnoll is severely wounded.
You hit the gnoll but do no damage. Your bite misses the gnoll.
The gnoll is severely wounded.
The gnoll hits you with a +0 flail. The gnoll hits you but does no damage.
You hit the gnoll. You bite the gnoll. You drain its power.
You feel invigorated.
The gnoll is severely wounded.
You hit the gnoll.
The gnoll is almost dead.
The gnoll hits you with a +0 flail!
* * * LOW HITPOINT WARNING * * *
The gnoll barely misses you.
You aren't carrying any scrolls.
Unknown command.
Okay, then.
You hit the gnoll.
You kill the gnoll!
You hit the gnoll but do no damage. The gnoll hits you with a +0 flail!
You die... .# .## ##. .# ... #.. .# .... #.. .#..... #.# #.###.#..... #.# .....$...... g#. #.# #.##)g...... g.. #######.### #.##@# ..# #......<).# #.##.# gg#

#.#####.#.# #.##.## ..#
#.#)# #)....# ..# ##.#.#
#.....#######.g#
#..#.###........†.....# #
#.....##.###.######........
#. ##..........>....#
#.#......
#.###......##.######.#
#.#######


You could see a gnoll.

Vanquished Creatures
  2 adders (D:2)
  6 gnolls (D:3)
  2 worms (D:2)
  2 dart slugs (D:1)
  An orc (D:3)
  5 ball pythons
  8 endoplasms
  A giant cockroach (D:1)
  5 goblins
  5 hobgoblins
  3 jackals (D:1)
  4 kobolds
  4 quokkas
  5 bats
  4 frilled lizards
  8 rats
65 creatures vanquished.

Notes
Turn   | Place    | Note
-------+----------+-------------------------------------------
     0 | D:1      | Zonian the Vine Stalker Brigand began the quest for the
                  | Orb.
     0 | D:1      | Reached XP level 1. HP: 11/11 MP: 2/2
   239 | D:1      | Reached skill level 1 in Dodging
   239 | D:1      | Reached XP level 2. HP: 15/15 MP: 3/3
   254 | D:1      | Reached skill level 5 in Stealth
   788 | D:1      | Reached XP level 3. HP: 18/18 MP: 4/4
  1057 | D:1      | Found a faded altar of an unknown god.
  1057 | D:1      | Noticed a Hell Sentinel
  1287 | D:2      | Found Ukuef's Weapon Shop.
  1359 | D:2      | Found Val Qirr's General Store.
  1470 | D:2      | Gained mutation: Your natural rate of healing is unusually
                  | fast. [Vine Stalker growth]
  1470 | D:2      | Reached XP level 4. HP: 23/23 MP: 5/5
  2018 | D:3      | Reached XP level 5. HP: 25/27 MP: 6/6
  2109 | D:3      | Mangled by a gnoll

Illustrated notes

Levels and vault maps discovered:
D:1:      dpeg_arrival_houses_and_road, layout_basic,
          dreamdust_ecumenical_altar_sealed_demon, st_stairs_12,
          kennysheep_nondescript
D:2:      layout_basic, serial_shops, nicolae_shop_statue_plus, shop,
          kennysheep_doodads
D:3:      layout_loops_ring, ebering_ghost_sewer_d, uniq_jessica

Skill      XL: |  1  2 |
---------------+-------+-----
Dodging        | 1 |  1.9
Stealth        | 5 |  5.7
Throwing       | 2 |  2.4
Fighting       | 2 |  2.6
Short Blades   | 2 |  2.7

Action                   |  1- 3 |  4- 6 || total
-------------------------+-------+-------++-------
Melee: Dagger            |   140 |   104 ||   244
       Bite              |    31 |    37 ||    68
       Punch             |     1 |     3 ||     4
Throw: Dart              |    17 |       ||    17
  Use: Scroll            |       |     4 ||     4
 Stab: Sleeping          |     9 |     3 ||    12
Armor: Robe              |    23 |    14 ||    37
Dodge: Dodged            |    66 |    41 ||   107

Table legend: (Time is in decaauts)
 A = Elapsed time spent in this place.
 B = Non-inter-level travel time spent in this place.
 C = Inter-level travel time spent in this place.
 D = Time resting spent in this place.
 E = Time spent auto-exploring this place.
 F = Levels seen in this place.
 G = Mean time per level.
                   A        B        C        D        E       F      G
               +--------+--------+--------+--------+--------+-----+--------+
         Total |   1992 |   1932 |     60 |    269 |   1150 |   3 |  664.0 |
       Dungeon |   1992 |   1932 |     60 |    269 |   1150 |   3 |  664.0 |
               +--------+--------+--------+--------+--------+-----+--------+

Top non-repeatable levels by time:
     D:1: 1051 daAuts
     D:2: 648 daAuts
     D:3: 293 daAuts
